 Dungeon Sprint DCSS version 0.31-a0-986-g5e6e4ef867 (webtiles) character file.

Game seed: 10828883811513700215

93 fozzywoppz the Trooper (level 4, -6/32 HPs)
             Began as a Gargoyle Fighter on Nov 20, 2023.
             Mangled by an ogre
             ... wielding a +0 giant spiked club
              (11 damage)
             ... in the Dungeon (Sprint IX: "|||||||||||||||||||||||||||||").
             The game lasted 00:00:29 (40 turns).

fozzywoppz the Trooper (Gargoyle Fighter)             Turns: 40, Time: 00:00:30

Health: -6/32      AC: 10    Str: 20    XL:     4   Next: 61%
Magic:  4/4        EV:  9    Int:  8    God:
Gold:   0          SH:  5    Dex: 11    Spells: 3/3 levels left

rFire   . . .        a - +0 flail
rCold   . . .        c - +0 buckler
rNeg    + . .        b - +0 scale mail
rPois   ∞            (no helmet)
rElec   +            (no cloak)
rCorr   .            (no gloves)
SInv    .            (no boots)
Will    .....        (no amulet) Stlth
                     (no ring)
HPRegen 0.25/turn    (no ring)
MPRegen 0.09/turn

%: no teleportation
@: no status effects
A: sickness immunity, AC +3, negative energy resistance 1, electricity
resistance, torment resistance 1, petrification resistance
a: no special abilities


You were in the Dungeon.
You visited 1 branch

Inventory:

Hand Weapons
 a - a +0 flail (weapon)
Armour
 b - a +0 scale mail (worn)
 c - a +0 buckler (worn)
Scrolls
 j - a scroll of blinking
Potions
 d - a potion of might
 e - a potion of curing
 g - a potion of haste
 h - 2 potions of magic
 i - a potion of berserk rage


   Skills:
 + Level 6.6 Fighting
 + Level 5.2 Maces & Flails
 - Level 5.0 Armour
 - Level 5.0 Shields


You had 3 spell levels left.
You didn't know any spells.
Your spell library was empty.

Dungeon Overview and Level Annotations

Branches:
Dungeon (1/1)

Altars:


Innate Abilities, Weirdness & Mutations

You are immune to sickness and miasma.
Your stone body is resilient. (AC +3)
You are immune to poison.
You resist negative energy. (rN+)
You are resistant to electric shocks. (rElec)
You are resistant to unholy torment.
You are immune to petrification.


Message History

The black bear claws you but does no damage.
The black bear barely misses you.
The black bear goes berserk!
You closely miss the black bear.
The black bear is severely wounded.
The black bear bites you!
Ouch! That really hurt!
The black bear claws you.
* * * LOW HITPOINT WARNING * * *
You block the black bear's attack. The black bear bites you.
* * * LOW HITPOINT WARNING * * *
The black bear barely misses you.
The black bear claws you but does no damage.
You feel much better. The black bear closely misses you.
The black bear barely misses you. The black bear closely misses you.
You sock the black bear!
You kill the black bear!
Training target 5.0 for Armour reached!
Training target 5.0 for Shields reached!
Your Fighting skill gained 3 levels and is now at level 6!
Your Maces & Flails skill gained 3 levels and is now at level 5!
Your Armour skill gained 2 levels and is now at level 5!
Your Shields skill gained 2 levels and is now at level 5!
You have reached level 2!
You have reached level 3!
Your experience leads to an increase in your attributes!
Increase (S)trength, (I)ntelligence, or (D)exterity?
You feel agile. x2
You have reached level 4!
You feel stronger.
You barely miss the ogre.
The ogre hits you with a +0 giant spiked club!!
Ouch! That really hurt!
You sock the ogre!
The ogre is moderately wounded.
The ogre hits you with a +0 giant spiked club!
* * * LOW HITPOINT WARNING * * *
You closely miss the ogre.
The ogre is moderately wounded.
The ogre hits you with a +0 giant spiked club!
You die... ▓▓▓▓▓▓▓▓▓▓▓▓▓▓▓▓▓▓ +..SoSO@....)...<▓ ▓▓▓▓▓▓▓▓▓▓▓▓▓▓▓▓▓▓

You could see a water moccasin, an ogre, an adder and an orc.

Vanquished Creatures
  A black bear (D)
  A bat (D)
  A goblin (D)
  A ball python (D)
  2 kobolds (D)
6 creatures vanquished.

Notes
Turn   | Place    | Note
-------+----------+-------------------------------------------
     0 | D        | fozzywoppz the Gargoyle Fighter began the quest for the
                  | Orb.
     0 | D        | Reached XP level 1. HP: 14/14 MP: 1/1
    29 | D        | Noticed a water moccasin
    29 | D        | Noticed an ogre
    29 | D        | Noticed a black bear
    36 | D        | Killed a black bear
    37 | D        | Reached skill level 6 in Fighting
    37 | D        | Reached skill level 5 in Maces & Flails
    37 | D        | Reached skill level 5 in Armour
    37 | D        | Reached skill level 5 in Shields
    37 | D        | Reached XP level 2. HP: 23/23 MP: 2/2
    37 | D        | Reached XP level 3. HP: 28/28 MP: 3/3
    37 | D        | Reached XP level 4. HP: 32/32 MP: 4/4
    40 | D        | Mangled by an ogre

Illustrated notes

Levels and vault maps discovered:
D:        linesprint [early_d, line_temple, items_1, d_10, items_2, lair_1,
          lair_end, items_3, orc_1, orc_end, items_4, d_15, swamp_1, shoals_1,
          snake_1, spider_1, d_20, vaults_1, items_5, swamp_end, shoals_end,
          snake_end, spider_end, vaults_end, d_27, items_6, zot_1, zot_end,
          crypt_end, forest_end, elf_end, slime_end, tomb_end, abyss_end,
          pan_hell_end]

Skill      XL: |  1 |
---------------+----+-----
Fighting       | 6 |  6.6
Maces & Flails | 5 |  5.2
Armour         | 5 |  5.0
Shields        | 5 |  5.0

Action                     |  1- 3 |  4- 6 || total
---------------------------+-------+-------++-------
  Melee: Flail             |    25 |     3 ||    28
    Use: Potion            |     1 |       ||     1
 Armour: Scale mail        |    20 |     3 ||    23
  Dodge: Dodged            |    20 |       ||    20
  Block: Buckler           |     8 |       ||     8

Table legend: (Time is in decaauts)
 A = Elapsed time spent in this place.
 B = Non-inter-level travel time spent in this place.
 C = Inter-level travel time spent in this place.
 D = Time resting spent in this place.
 E = Time spent auto-exploring this place.
 F = Levels seen in this place.
 G = Mean time per level.
                   A        B        C        D        E       F      G
               +--------+--------+--------+--------+--------+-----+--------+
         Total |     48 |     48 |      0 |      0 |      0 |   1 |   48.0 |
       Dungeon |     48 |     48 |      0 |      0 |      0 |   1 |   48.0 |
               +--------+--------+--------+--------+--------+-----+--------+

Top non-repeatable levels by time:
       D: 48 daAuts
